 Dungeon Crawl Stone Soup version 0.23-a0-517-gb7c078159a (webtiles) character file.

42 D1HalberdGnoll the Insei (level 3, -5/29 HPs)
             Began as a Draconian Transmuter on Dec 6, 2018.
             Slain by a worm (12 damage)
             ... on level 2 of the Dungeon.
             The game lasted 00:02:15 (1498 turns).

D1HalberdGnoll the Insei (Draconian Transmuter)     Turns: 1498, Time: 00:02:16

Health: -5/29      AC:  5    Str: 12    XL:     3   Next: 33%
Magic:  3/6        EV: 12    Int: 13    God:
Gold:   87         SH:  0    Dex: 12    Spells: 3/6 levels left

rFire    . . .     SeeInvis .     - Unarmed
rCold    . . .     Gourm    .   (no shield)
rNeg     . . .     Faith    .   (armour unavailable)
rPois    .         Spirit   .   (helmet restricted)
rElec    .         Reflect  .   (no cloak)
rCorr    .         Harm     .   (no gloves)
MR       .....                  (no boots)
Stlth    +.........             (no amulet)
HPRegen  0.09/turn              (no ring)
MPRegen  0.10/turn              (no ring)

@: appendage, very slightly contaminated
A: unfitting armour, horns 2, cold-blooded, AC +5
a: End Transformation


You were on level 2 of the Dungeon.
You were hungry.
You had grown temporary horns.
You visited 1 branch of the dungeon, and saw 2 of its levels.

You collected 87 gold pieces.

Inventory:

Missiles
 a - 27 arrows
Jewellery
 d - an uncursed amulet of the acrobat {unknown}
 l - an uncursed ring of protection from fire {unknown}
 n - a cursed -3 ring of intelligence {unknown}
Scrolls
 f - a scroll of identify {unknown}
 h - a scroll of teleportation {unknown}
 j - a scroll of remove curse {unknown}
 m - a scroll of amnesia {unknown}
Potions
 b - a potion of mutation {unknown}
 e - a potion of heal wounds
 g - a potion of lignification {unknown}
 i - a potion of agility {unknown}
Comestibles
 c - 4 rations


   Skills:
 + Level 2.0 Fighting
 + Level 2.3 Dodging
 * Level 3.8 Unarmed Combat
 - Level 2.0 Spellcasting
 - Level 2.0 Transmutations


You had 3 spell levels left.
You knew the following spells:

 Your Spells              Type           Power        Failure   Level  Hunger
a - Beastly Appendage     Tmut           #.....       11%         1    ##.....
b - Sticks to Snakes      Tmut           #.......     17%         2    ###....

Your spell library contained the following spells:

 Spells                   Type           Power        Failure   Level  Hunger
 Spider Form              Tmut/Pois      #.........   45%         3    ####...
 Ice Form                 Ice/Tmut       #.......     86%         4    #####..
 Blade Hands              Tmut           #.........   97%         5    ######.


Dungeon Overview and Level Annotations

Branches:
Dungeon (2/15)

Altars:


Innate Abilities, Weirdness & Mutations

Your plain brown scales are hard. (AC +5)
You cannot fit into any form of body armour.
You are cold-blooded and may be slowed by cold attacks.
You have a pair of horns on your head.


Message History

You hit the worm.
The worm is moderately wounded.
You barely miss the worm.
The worm is moderately wounded.
The worm bites you but does no damage.
Casting: Beastly Appendage (safe; 11% risk of failure)
Confirm with . or Enter, or press ? or * to list all spells.
You grow a pair of large bovine horns.
The worm bites you!
* * * LOW HITPOINT WARNING * * *
You punch the worm!
The worm is severely wounded.
You are feeling hungry.
The worm bites you.
* * * LOW HITPOINT WARNING * * *
You hit the worm but do no damage. Your headbutt misses the worm.
The worm is severely wounded.
You hit the worm.
The worm is severely wounded.
The worm bites you!
You die...

........## #........# #.
............##.############## ##.
.<.###''##P. #.# #.......###..
...P....P... #.######.##.........
.#.#......#.##...........##.####.
...#......#......####.#####.# ##
.#.P .(...P...##(# #.#####.#
.#.#.PP.....#. #.# #.......#
$..#. ....# # #@# ######### # .#
# # #w# ..# .#.# #.#.# . #.# #.
#.# . ..#


You could see a worm.

Vanquished Creatures
  Natasha (D:2)
  A leopard gecko (D:1)
  A giant cockroach (D:2)
  A goblin (D:1)
  7 hobgoblins
  2 kobolds (D:1)
  2 bats (D:1)
  3 rats
18 creatures vanquished.

Notes
Turn   | Place    | Note
-------+----------+-------------------------------------------
     0 | D:1      | D1HalberdGnoll the Draconian Transmuter began the quest for
                  | the Orb.
     0 | D:1      | Reached XP level 1. HP: 16/16 MP: 3/3
   753 | D:1      | Reached XP level 2. HP: 18/23 MP: 3/5
  1309 | D:2      | Noticed Natasha
  1341 | D:2      | Learned a level 2 spell: Sticks to Snakes
  1371 | D:2      | Killed Natasha
  1371 | D:2      | Reached XP level 3. HP: 23/29 MP: 0/6
  1498 | D:2      | Slain by a worm

Vault maps used:
D:1:      dpeg_arrival_brainrot
D:2:      cheibrodos_old_hovel, serial_glass, glass_columns_a, glass_columns_b,
          uniq_natasha

Skill      XL: |  1  2 |
---------------+-------+-----
Dodging        | 2 |  2.3
Fighting       | 2 |  2.0
Unarmed Combat | |  3.8
Spellcasting   | |  2.0
Transmutations | |  2.0

Action                   || total
-------------------------++-------
Melee: Unarmed           ||    72
       Tailslap          ||     5
       Headbutt          ||     2
       Kick              ||     2
 Cast: Beastly Appendage ||    15
       Sticks to Snakes  ||     3
  Eat: Chunk             ||     2
Armor: Skin              ||    24
Dodge: Dodged            ||    48

Table legend:
 A = Non-vault XP
 B = Vault XP
 C = Vault XP percentage of total XP
 D = Non-vault monster count
 E = Vault monster count
 F = Vault count percentage of total count
                 A         B        C        D         E       F
            +---------+---------+-------+---------+---------+-------
      Total |      28 |      32 |  53.3 |      16 |       2 |  11.1
            +---------+---------+-------+---------+---------+-------
        D:1 |      18 |       2 |  10.0 |      10 |       1 |   9.1
        D:2 |      10 |      30 |  75.0 |       6 |       1 |  14.3
            +---------+---------+-------+---------+---------+-------
